 Dungeon Crawl Stone Soup version 0.28.0-53-g5a82cb258f (webtiles) character file.

Game seed: 35089389510321868

546 MiltankisOP the Cutter (level 7, -4/36 (46) HPs)
             Began as a Kobold Delver on July 12, 2022.
             Slain by a wight
             ... wielding a +0 mace
              (9 damage)
             ... on level 6 of the Dungeon.
             The game lasted 00:09:27 (4613 turns).

MiltankisOP the Cutter (Kobold Delver)              Turns: 4613, Time: 00:09:28

HP:   -4/36 (46)    AC:  6    Str: 10    XL:     7   Next: 53%
MP:   7/7           EV: 14    Int: 17    God:
Gold: 221           SH:  0    Dex: 18    Spells: 6/6 levels left

rFire   . . .      SeeInvis .   a - +0 short sword
rCold   . . .      Faith    .   (no shield)
rNeg    . . .      Spirit   .   b - +0 leather armour
rPois   .          Reflect  .   f - +2 helmet
rElec   .          Harm     .   (no cloak)
rCorr   .          Rampage  .   (no gloves)
Will    .....                   (no boots)
Stlth   ++++......              m - amulet of regeneration
HPRegen 0.92/turn               j - +6 ring of intelligence
MPRegen 0.10/turn               (no ring)

@: heavily drained
A: small, no large weapons, nightstalker 3
a: no special abilities


You were on level 6 of the Dungeon.
You visited 2 branches of the dungeon, and saw 7 of its levels.

You collected 221 gold pieces.

Inventory:

Hand Weapons
 a - a +0 short sword (weapon)
Armour
 b - a +0 leather armour (worn)
 f - a +2 helmet (worn)
Jewellery
 j - a +6 ring of intelligence (left hand)
 m - an amulet of regeneration (around neck)
Wands
 g - a wand of digging (3)
Scrolls
 c - 3 scrolls of fog
 d - a scroll of magic mapping
 e - a scroll of fear
 k - 3 scrolls of identify {unknown}
 l - 2 scrolls of teleportation {unknown}
 o - a scroll of immolation {unknown}
 p - a scroll of amnesia {unknown}
 r - a scroll of enchant weapon {unknown}
 u - a scroll of noise {unknown}
Potions
 h - a potion of might {unknown}
 i - a potion of magic {unknown}
 n - a potion of mutation {unknown}
 q - a potion of lignification {unknown}
 s - a potion of curing {unknown}
 t - a potion of resistance {unknown}


   Skills:
 - Level 6.0 Fighting
 + Level 7.9 Short Blades
 - Level 2.7 Dodging
 - Level 6.8 Stealth


You had 6 spell levels left.
You didn't know any spells.
Your spell library contained the following spells:

 Spells                   Type           Power      Damage    Failure   Level
 Animate Skeleton         Necr           0%         N/A       32%         1
 Apportation              Tloc           0%         N/A       32%         1
 Beastly Appendage        Tmut           0%         N/A       32%         1
 Freeze                   Ice            0%         1d3       32%         1
 Magic Dart               Conj           0%         1d3       32%         1
 Summon Small Mammal      Summ           0%         N/A       32%         1
 Searing Ray              Conj           0%         2d4       43%         2
 Wereblood                Tmut           0%         N/A       43%         2
 Frozen Ramparts          Ice            0%         1d2       67%         3
 Spider Form              Tmut/Pois      0%         N/A       67%         3
 Fulminant Prism          Conj/Hex       0%         3d6       97%         4
 Hailstorm                Conj/Ice       0%         3d3       97%         4
 Freezing Cloud           Conj/Ice/Air   0%         6-21      100%        5
 Simulacrum               Ice/Necr       0%         N/A       100%        6
 Polar Vortex             Ice            0%         N/A       100%        9


Dungeon Overview and Level Annotations

Branches:
Dungeon (6/15)             Temple (1/1) D:5

Altars:
Fedhas
Gozag
Hepliaklqana
Kikubaaqudgha
Nemelex Xobeh
Trog
Vehumet
Wu Jian
Xom
The Shining One
Lugonu


Innate Abilities, Weirdness & Mutations

You are small and have problems with some larger weapons.
You are completely attuned to the shadows.


Message History

You closely miss the wight.
The wight is heavily damaged.
The wight hits you with a +0 mace.
You feel drained.
You closely miss the wight.
The wight is heavily damaged.
You hit the wight but do no damage.
The wight is heavily damaged.
The wight hits you with a +0 mace.
You feel drained.
You barely miss the wight.
The wight is heavily damaged.
The wight closely misses you.
You barely miss the wight.
The wight is heavily damaged.
The wight hits you with a +0 mace.
* * * LOW HITPOINT WARNING * * *
You feel drained.
* * * LOW HITPOINT WARNING * * *
You hit the wight but do no damage.
The wight is heavily damaged.
You hit the wight but do no damage.
The wight is heavily damaged.
The wight hits you with a +0 mace!
* * * LOW HITPOINT WARNING * * *
You feel drained.
* * * LOW HITPOINT WARNING * * *
You barely miss the wight.
The wight is heavily damaged.
The wight closely misses you.
You closely miss the wight.
The wight is heavily damaged.
You hit the wight but do no damage.
The wight is heavily damaged.
The wight closely misses you.
You barely miss the wight.
The wight is heavily damaged.
The wight closely misses you.
You closely miss the wight.
The wight is heavily damaged.
The wight hits you with a +0 mace!
You die...

####..##..#..#.
##.##....###..#.
#...#....##..#..
##...#.)..##..#..
###..#......#......
###...##.....##.#...#
##......#.....# ###..
##<.###........# ###
##...#.@........# #
.#.)...z#.......##
.......##.......#
.........#......##
......#.........#
zz..###.......## ....
###....... ....
##......### ....
..........###


You could see a wight.

Vanquished Creatures
  A black bear (D:5)
  An ice beast (D:6)
  A scorpion (D:5)
  A wight (D:6)
  A hound (D:5)
  An iguana (D:4)
  An orc wizard (D:6)
  Robin (D:4)
  9 adders
  2 worms (D:2)
  A dart slug (D:1)
  4 orcs
  3 bats
  7 endoplasms
  11 goblins
  10 hobgoblins
  3 kobolds
  6 quokkas
  8 ball pythons
  3 frilled lizards
  8 rats
83 creatures vanquished.

Notes
Turn   | Place    | Note
-------+----------+-------------------------------------------
     0 | D:5      | MiltankisOP the Kobold Delver began the quest for the Orb.
     0 | D:5      | Reached XP level 1. HP: 14/14 MP: 1/1
    27 | D:5      | Noticed an iguana
    47 | D:5      | Noticed a hound
    48 | D:5      | Noticed a yak
    48 | D:5      | Noticed a yak
    48 | D:5      | Noticed a black bear
    75 | D:4      | Reached skill level 3 in Short Blades
    75 | D:4      | Reached XP level 2. HP: 19/19 MP: 2/2
   199 | D:4      | Reached XP level 3. HP: 24/24 MP: 3/3
   663 | D:4      | Found a bloodstained altar of Trog.
   663 | D:4      | Found a sparkling altar of Nemelex Xobeh.
   663 | D:4      | Found a shimmering altar of Xom.
   876 | D:4      | Noticed Robin
  1001 | D:4      | Killed Robin
  1545 | D:3      | Reached XP level 4. HP: 29/29 MP: 4/4
  1600 | D:3      | Reached skill level 4 in Short Blades
  1673 | D:3      | Found a radiant altar of Vehumet.
  2253 | D:2      | Reached XP level 5. HP: 32/34 MP: 5/5
  2466 | D:2      | Reached skill level 5 in Short Blades
  3052 | D:2      | Found a faded altar of an unknown god.
  3463 | D:1      | Reached skill level 5 in Fighting
  3710 | D:1      | You fall into a shaft and drop 1 floor!
  3987 | D:5      | Noticed a yak
  4007 | D:4      | Reached XP level 6. HP: 30/40 MP: 6/6
  4067 | D:5      | Found a staircase to the Ecumenical Temple.
  4075 | Temple   | Entered the Ecumenical Temple
  4168 | D:5      | Reached skill level 6 in Short Blades
  4218 | D:5      | HP: 1/40 [black bear (4)]
  4219 | D:5      | Killed a black bear
  4284 | D:5      | Reached XP level 7. HP: 43/46 MP: 7/7
  4308 | D:5      | Noticed a two-headed ogre
  4376 | D:6      | Reached skill level 7 in Short Blades
  4608 | D:6      | HP: 1/36 [wight/+0 mace (2)]
  4613 | D:6      | Slain by a wight

Illustrated notes

Levels and vault maps discovered:
D:1:      minmay_arrival_doors, layout_basic
D:2:      layout_basic, shapermc_ecumenical_altar_ellora
D:3:      layout_basic, mainiacjoe_overflow_catwalk, minmay_misc_feat_enclosed
D:4:      layout_loops_ring, gammafunk_temple_overflow_forgotten, uniq_robin
D:5:      layout_rooms, chequers_temple_overflow_minitemple,
          minmay_temple_entry_statues_pillars
D:6:      minmay_skewed_foursquare, layout_cave_pools, old_standard_altar
Temple:   corrupted_temple

Skill      XL: |  1  2  3  4  5  6  7 |
---------------+----------------------+-----
Short Blades   | 3 4 5 6 7 |  7.9
Fighting       | 4 5 6 |  6.0
Dodging        | |  2.7
Stealth        | |  6.8

Action                   |  1- 3 |  4- 6 |  7- 9 || total
-------------------------+-------+-------+-------++-------
Melee: Short sword       |    82 |   236 |    97 ||   415
       Punch             |     1 |     2 |     2 ||     5
  Use: Potion            |     1 |       |       ||     1
       Scroll            |       |       |     1 ||     1
 Stab: Sleeping          |     5 |    21 |     1 ||    27
       Distracted        |       |     1 |       ||     1
Armor: Leather armour    |     7 |    53 |    13 ||    73
Dodge: Dodged            |    42 |   133 |    41 ||   216
